 Dungeon Crawl Stone Soup version 0.26-a0-180-ge96aa7da28 (webtiles) character file.

Game seed: 3483774133814443605

16 Flugslaktarn the Chiller (level 2, 0/13 HPs)
             Began as a Vine Stalker Ice Elementalist on July 3, 2020.
             Slain by an ooze (2 damage)
             ... on level 1 of the Dungeon.
             The game lasted 00:00:49 (150 turns).

Flugslaktarn the Chiller (VSIE)                      Turns: 150, Time: 00:00:50

Health: 0/13       AC:  2    Str: 10    XL:     2   Next: 54%
Magic:  0/6        EV: 12    Int: 15    God:
Gold:   32         SH:  0    Dex: 14    Spells: 5/6 levels left

rFire    . . .     SeeInvis .   f - +0 dagger
rCold    . . .     Faith    .   (no shield)
rNeg     . . .     Spirit   +   a - +0 robe
rPois    .         Reflect  .   (no helmet)
rElec    .         Harm     .   (no cloak)
rCorr    .                      (no gloves)
MR       .....                  (no boots)
Stlth    ++........             (no amulet)
HPRegen  0.04/turn              (no ring)
MPRegen  0.10/turn              (no ring)

@: no status effects
A: fangs 2, magic shield, antimagic bite, no potion heal 3, rot immunity
a: no special abilities


You were on level 1 of the Dungeon.
You were not hungry.

You visited 1 branch of the dungeon, and saw 2 of its levels.

You collected 32 gold pieces.

Inventory:

Hand Weapons
 f - a +0 dagger (weapon)
   (You took it off a goblin on level 1 of the Dungeon)
Armour
 a - a +0 robe (worn)
Scrolls
 d - a scroll of identify {unknown}
Potions
 b - a potion of magic {unknown}
 e - a potion of might {unknown}
Comestibles
 c - a ration


   Skills:
 - Level 1.5 Dodging
 - Level 2.4 Stealth
 + Level 2.5 Spellcasting
 * Level 4.4 Ice Magic


You had 5 spell levels left.
You knew the following spells:

 Your Spells              Type           Power        Failure   Level  Hunger
a - Freeze                Ice            ###.         3%          1    #......

Your spell library contained the following spells:

 Spells                   Type           Power        Failure   Level  Hunger
 Frozen Ramparts          Ice            ###...       10%         3    ###....
 Ozocubu's Armour         Chrm/Ice       #.......     26%         3    ###....
 Hailstorm                Conj/Ice       #.......     63%         4    #####..
 Summon Ice Beast         Ice/Summ       #.......     63%         4    #####..


Dungeon Overview and Level Annotations

Branches:
Dungeon (2/15)

Altars:

Annotations:
D:2 Terence


Innate Abilities, Weirdness & Mutations

You have extremely sharp teeth.
When hurt, damage is shared between your health and your magic reserves.
Your bite disrupts and absorbs the magic of your enemies.
Potions cannot restore your health.
You are immune to rotting.


Message History

Found a stone staircase leading down.
Found 3 large rocks.
A rat and a dart slug come into view.
Terence the Incautious comes into view.
He is wielding a +0 hand axe.
Terence shouts!
The dart slug launches a dart at you. The slug dart hits you.
Found a murky blue potion and a scroll labeled MEISAHA OQUME.
There is a stone staircase leading up here.
You climb upwards.
There is a stone staircase leading down here.
Unknown command.
Unknown command.
An ooze and a goblin come into view.
The ooze quivers.
The goblin closely misses you.
Casting: Freeze (safe; 3% risk of failure)
Confirm with . or Enter, or press ? or * to list all spells.
Aiming: Freeze (safe; 3% risk of failure)
Press: ? - help, Shift-Dir - straight line, f - goblin
Aim: a goblin, wielding a +0 dagger You freeze the goblin!
You kill the goblin!
Things that are here:
a +0 dagger; a goblin corpse
f - a +0 dagger (weapon)
Casting: Freeze (safe; 3% risk of failure)
Confirm with . or Enter, or press ? or * to list all spells.
Aiming: Freeze (safe; 3% risk of failure)
Press: ? - help, Shift-Dir - straight line, f - ooze
Aim: an ooze You freeze the ooze!
The ooze is severely wounded.
The ooze closely misses you.
Casting: Freeze (safe; 3% risk of failure)
Confirm with . or Enter, or press ? or * to list all spells.
Aiming: Freeze (safe; 3% risk of failure)
Press: ? - help, Shift-Dir - straight line, p - ooze Out of range.
Okay, then.
You hit the ooze.
The ooze is almost dead.
The ooze closely misses you.
You barely miss the ooze.
The ooze is almost dead.
The ooze hits you but does no damage.
You hit the ooze but do no damage.
The ooze is almost dead.
The ooze hits you.
You die...

.....# ........#
♣♣♣..# #># #..#
#.# #.# #.# ##
#.# ...#
#.##...##
#.#######........
#...@J....###.###
#####.##### #.#
#.# #.# #.# ..#
...


You could see an ooze.

Vanquished Creatures
  An ooze (D:2)
  A leopard gecko (D:1)
  A giant cockroach (D:1)
  2 goblins
  3 hobgoblins (D:1)
8 creatures vanquished.

Notes
Turn   | Place    | Note
-------+----------+-------------------------------------------
     0 | D:1      | Flugslaktarn the Vine Stalker Ice Elementalist began the
                  | quest for the Orb.
     0 | D:1      | Reached XP level 1. HP: 9/9 MP: 4/4
    68 | D:1      | Reached XP level 2. HP: 4/13 MP: 0/6
   128 | D:2      | Noticed Terence
   150 | D:1      | Slain by an ooze

Illustrated notes

Levels and vault maps discovered:
D:1:      scummos_arrival_forest, layout_loops_corners, glass_columns_c,
          roderic_lattice_a, serial_bayou_ford_a, corexii_leaking_fountain,
          minmay_misc_feat_square, chequers_serial_rivers_micro_b
D:2:      layout_rooms, uniq_terence

Action                   || total
-------------------------++-------
Melee: Unarmed           ||     6
       Bite              ||     3
       Dagger            ||     3
 Cast: Freeze            ||    15
Armor: Robe              ||     4
Dodge: Dodged            ||    10

Table legend:
 A = Non-vault XP
 B = Vault XP
 C = Vault XP percentage of total XP
 D = Non-vault monster count
 E = Vault monster count
 F = Vault count percentage of total count
                 A         B        C        D         E       F
            +---------+---------+-------+---------+---------+-------
      Total |      23 |       0 |   0.0 |       8 |       0 |   0.0
            +---------+---------+-------+---------+---------+-------
        D:1 |      13 |       0 |   0.0 |       6 |       0 |   0.0
        D:2 |      10 |       0 |   0.0 |       2 |       0 |   0.0
            +---------+---------+-------+---------+---------+-------
